 Dungeon Sprint DCSS version 0.28-a0-199-g298df9dbad (webtiles) character file.

Game seed: 10495363051147246262

7 MikeHunt the Insei (level 1, -1/28 HPs)
             Began as a Demonspawn Monk on Aug 19, 2021.
             Slain by a human (3 damage)
             ... in the Dungeon (Sprint III: "The Ten Rune Challenge").
             The game lasted 00:01:22 (403 turns).

MikeHunt the Insei (Demonspawn Monk)                 Turns: 403, Time: 00:01:23

Health: -1/28      AC:  1    Str: 11    XL:     1   Next: 83%
Magic:  1/1        EV: 12    Int: 11    God:
Gold:   11         SH:  0    Dex: 15    Spells: 0/0 levels left

rFire   . . .      SeeInvis .     - Unarmed
rCold   . . .      Faith    .   (no shield)
rNeg    . . .      Spirit   .   a - +0 robe
rPois   .          Reflect  .   (no helmet)
rElec   .          Harm     .   (no cloak)
rCorr   .          Rampage  .   (no gloves)
Will    .....      NoTele   +   (no boots)
Stlth   ..........              (no amulet)
HPRegen 0.09/turn               (no ring)
MPRegen 0.07/turn               (no ring)

@: berserking, very quick
A: deformed body, robust 1
a: no special abilities


You were in the Dungeon.
You visited 1 branch You collected 11 gold pieces.

Inventory:

Armour
 a - a +0 robe (worn)
Scrolls
 g - a scroll of blinking
 h - 2 scrolls of holy word {unknown}
 i - 2 scrolls of identify
 l - a scroll of brand weapon {unknown}
Potions
 b - 3 potions of curing
 c - a potion of heal wounds
 d - a potion of haste
 e - 2 potions of magic
 j - a potion of degeneration {unknown}
 k - 3 potions of flight
 m - 3 potions of mutation


   Skills:
 - Level 3.0 Fighting
 - Level 2.6 Dodging
 - Level 1.7 Stealth
 + Level 4.4 Unarmed Combat


You couldn't memorise any spells.
You didn't know any spells.
Your spell library was empty.

Dungeon Overview and Level Annotations

Branches:
Dungeon (1/1)

Altars:


Innate Abilities, Weirdness & Mutations

Armour fits poorly on your strangely shaped body.
You are robust. (+10% HP)


Message History

The human is moderately wounded.
You hit the human. Your punch misses the human.
The human is moderately wounded.
The human hits you!
A red film seems to cover your vision as you go berserk!
You feel yourself moving faster!
You feel mighty! The human hits you!
* * * LOW HITPOINT WARNING * * *
You barely miss the human.
The human is moderately wounded.
The human completely misses you.
You miss the human.
The human is moderately wounded.
The human hits you.
* * * LOW HITPOINT WARNING * * *
You are too berserk!
You hit the human but do no damage.
The human is moderately wounded.
You barely miss the human.
The human is moderately wounded.
The human barely misses you.
You closely miss the human.
The human is moderately wounded.
You closely miss the human.
The human is moderately wounded.
The human splashes around in the water.
You closely miss the human.
The human is moderately wounded.
The human splashes around in the water.
You hit the human.
The human is heavily wounded.
You closely miss the human.
The human is heavily wounded.
The human splashes around in the water.
You hit the human.
The human is heavily wounded.
Unknown command.
You punch the human!
The human is almost dead.
The human hits you.
You die...

▓▓▓▓▓▓▓▓▓▓▓▓▓
▓<.#..'...♣.♣♣
▓..#..#......♣
▓#'####......♣
▓.....#....≈♣♣♣♣
▓.....#...≈≈♣♣.♣ #
▓.....#..≈≈≈p@♣♣..+
▓####'#..≈≈≈≈≈≈.♣
▓)....#.≈≈≈≈≈≈....#
▓.....#.≈≈≈≈≈.....#
▓.....#.≈≈≈.......#
▓'#####...........#
▓.................#
▓▓▓▓▓▓▓▓▓▓▓▓▓▓▓▓▓▓▓


You could see a human.

Vanquished Creatures
  A phantom (D)
  An endoplasm (D)
  3 rats (D)
5 creatures vanquished.

Vanquished Creatures (others)
  A plant (D)
1 creature vanquished.

Grand Total: 6 creatures vanquished

Notes
Turn   | Place    | Note
-------+----------+-------------------------------------------
     0 | D        | MikeHunt the Demonspawn Monk began the quest for the Orb.
     0 | D        | Reached XP level 1. HP: 18/18 MP: 1/1
    10 | D        | Reached skill level 3 in Unarmed Combat
   158 | D        | Reached skill level 4 in Unarmed Combat
   244 | D        | Gained mutation: Armour fits poorly on your strangely
                  | shaped body. [potion of mutation]
   244 | D        | Gained mutation: You are robust. (+10% HP) [potion of
                  | mutation]
   403 | D        | Slain by a human

Illustrated notes

Levels and vault maps discovered:
D:        dungeon_sprint_mu [sprint_mu_entry_forest, sprint_mu_temple_rooms,
          sprint_mu_d1_horrors, sprint_mu_d2_genie, sprint_mu_d3_branching,
          sprint_mu_orc_legion, sprint_mu_elf_gauntlet, sprint_mu_hive_nellie,
          sprint_mu_lair_fedhas, sprint_mu_vaults_butterflies,
          sprint_mu_slime_circle, sprint_mu_swamp_cave, sprint_mu_snake_twists,
          sprint_mu_blade_basic, sprint_mu_crypt_lich, sprint_mu_tomb_spiral,
          sprint_mu_vestibule_basic, sprint_mu_gehenna_hellfire,
          sprint_mu_dis_giant, sprint_mu_tartarus_statrot,
          sprint_mu_cocytus_islands, sprint_mu_zot1]

Skill      XL: |  1 |
---------------+----+-----
Unarmed Combat | 4 |  4.4
Fighting       | |  3.0
Dodging        | |  2.6
Stealth        | |  1.7

Action                   || total
-------------------------++-------
Melee: Unarmed           ||    28
       Punch             ||     2
  Use: Potion            ||     2
 Stab: Sleeping          ||     2
Armor: Robe              ||     1
Dodge: Dodged            ||     8

Table legend: (Time is in decaauts)
 A = Elapsed time spent in this place.
 B = Non-inter-level travel time spent in this place.
 C = Inter-level travel time spent in this place.
 D = Time resting spent in this place.
 E = Time spent auto-exploring this place.
 F = Levels seen in this place.
 G = Mean time per level.
                   A        B        C        D        E       F      G
               +--------+--------+--------+--------+--------+-----+--------+
         Total |    400 |    400 |      0 |    279 |      0 |   1 |  400.0 |
       Dungeon |    400 |    400 |      0 |    279 |      0 |   1 |  400.0 |
               +--------+--------+--------+--------+--------+-----+--------+

Top non-repeatable levels by time:
       D: 400 daAuts
